 Dungeon Crawl Stone Soup version 0.30-a0-1161-g0704695555 (webtiles) character file.

Game seed: 14914461213549473154

23 NinjaNoafa the Trooper (level 2, 0/24 HPs)
             Began as a Demonspawn Monk on Apr 27, 2023.
             Succumbed to an adder's poison
             ... on level 1 of the Dungeon.
             The game lasted 00:01:13 (808 turns).

NinjaNoafa the Trooper (Demonspawn Monk)             Turns: 808, Time: 00:01:13

Health: 0/24       AC:  2    Str:  9 (11) XL:     2   Next: 72%
Magic:  2/2        EV: 13    Int:  8 (11) God:
Gold:   53         SH:  0    Dex: 14 (15) Spells: 1/1 levels left

rFire   . . .        a - +0 short sword
rCold   . . .        d - orb {light}
rNeg    + . .        b - +0 robe
rPois   .            (no helmet)
rElec   .            (no cloak)
rCorr   .            (no gloves)
SInv    .            (no boots)
Will    .....        (no amulet)
Stlth   +            e - ring of positive energy
HPRegen 0.24/turn    (no ring)
MPRegen 0.08/turn

%: no passive effects
@: lethally poisoned (0 -> -4), glowing
A: claws 1
a: no special abilities


You were on level 1 of the Dungeon.
You visited 1 branch of the dungeon, and saw 2 of its levels.

You collected 53 gold pieces.

Inventory:

Hand Weapons
 a - a +0 short sword (weapon)
Armour
 b - a +0 robe (worn)
 d - an orb of light (worn)
Jewellery
 e - a ring of positive energy (left claw)
Scrolls
 c - a scroll of blinking {unknown}
 f - a scroll of silence {unknown}
 h - a scroll of noise {unknown}
 i - 3 scrolls of fog {unknown}
 j - a scroll of identify {unknown}
 l - a scroll of vulnerability {unknown}


   Skills:
 + Level 3.3 Fighting
 + Level 3.1 Short Blades
 + Level 3.0 Dodging


You had one spell level left.
You didn't know any spells.
Your spell library was empty.

Dungeon Overview and Level Annotations

Branches:
Dungeon (2/15)

Altars:

Annotations:
D:2 Natasha


Innate Abilities, Weirdness & Mutations

You have sharp fingernails.


Message History

You are too injured to fight recklessly!
You are too injured to fight recklessly!
You are too injured to fight recklessly!
You are too injured to fight recklessly!
You are too injured to fight recklessly!
You are too injured to fight recklessly!
The jackal attacks as you move away! The jackal barely misses you.
You feel sick. The jackal closely misses you. The jackal bites you.
* * * LOW HITPOINT WARNING * * *
You feel sick. The adder bites you.
* * * LOW HITPOINT WARNING * * *
You are more poisoned.
The adder poisons you!
Unknown command.
The jackal attacks as you move away! The jackal barely misses you.
* * * LOW HITPOINT WARNING * * *
You feel sick. The jackal bites you.
* * * LOW HITPOINT WARNING * * *
There is a stone staircase leading up here.
* * * LOW HITPOINT WARNING * * *
You feel sick. The jackal barely misses you. The adder bites you.
* * * LOW HITPOINT WARNING * * *
You are more poisoned.
The adder poisons you! The jackal closely misses you.
The jackal bites you but does no damage.
Natasha casts a spell.
You climb upwards.
* * * LOW HITPOINT WARNING * * *
You feel very sick.
There is a stone staircase leading down here.
It was a potion of cancellation.
You feel magically purged.
* * * LOW HITPOINT WARNING * * *
You feel sick. The adder misses you. The jackal barely misses you. x2
Unknown command.
Okay, then.
Unknown command.
It was a potion of degeneration.
There was something very wrong with that liquid.
You feel weakened.
You feel dopey.
You feel clumsy.
You die...

#.# #......#
#.#.###.###>#### #.#
#......# #.......###.####
#.#
####......###..####.##......
#.# #........^.....#
#.##..#### #.#
#.####.##.###..####.##..#
#.# #.# #.##.# #...........#
#.# #.# #.##.#
#..####.#...#### #.# #.#
#.##.###.........#....#
#.####.#
#....h@h..####.#...##.#
.......#
####.S.........##.###.#
#.###### ######>#######.#
#.# #.# #.....# #.###.#
#.##### #####.# #......
#.....# #.# #..###. #####.#
#.# #..+<'. #.# #.# #.#####
#.# #.# ### #.#


You could see an adder and 2 jackals.

Vanquished Creatures
  3 endoplasms (D:1)
  A goblin (D:1)
  4 hobgoblins (D:1)
  A kobold (D:1)
  2 quokkas (D:1)
  5 bats
  3 frilled lizards (D:1)
  2 rats
21 creatures vanquished.

Notes
Turn   | Place    | Note
-------+----------+-------------------------------------------
     0 | D:1      | NinjaNoafa the Demonspawn Monk began the quest for the Orb.
     0 | D:1      | Reached XP level 1. HP: 18/18 MP: 1/1
   163 | D:1      | Gained mutation: You have sharp fingernails. [demonic
                  | ancestry]
   163 | D:1      | Reached XP level 2. HP: 17/24 MP: 2/2
   799 | D:2      | Noticed Natasha
   806 | D:1      | HP: 1/24 [poisoned by an adder]
   808 | D:1      | Succumbed to an adder's poison

Illustrated notes

Levels and vault maps discovered:
D:1:      dpeg_arrival_tiny_c, layout_loops_ring
D:2:      layout_rooms, basic_altar, minmay_tree_intersection, uniq_jessica,
          uniq_natasha

Skill      XL: |  1  2 |
---------------+-------+-----
Short Blades   | 3 |  3.1
Dodging        | 3 |  3.0
Fighting       | |  3.3

Action                     || total
---------------------------++-------
  Melee: Short sword       ||    74
    Use: Potion            ||     3
 Armour: Robe              ||    15
  Dodge: Dodged            ||    68

Table legend: (Time is in decaauts)
 A = Elapsed time spent in this place.
 B = Non-inter-level travel time spent in this place.
 C = Inter-level travel time spent in this place.
 D = Time resting spent in this place.
 E = Time spent auto-exploring this place.
 F = Levels seen in this place.
 G = Mean time per level.
                   A        B        C        D        E       F      G
               +--------+--------+--------+--------+--------+-----+--------+
         Total |    798 |    751 |     47 |     35 |    528 |   2 |  399.0 |
       Dungeon |    798 |    751 |     47 |     35 |    528 |   2 |  399.0 |
               +--------+--------+--------+--------+--------+-----+--------+

Top non-repeatable levels by time:
     D:1: 774 daAuts
     D:2: 23 daAuts
